 Dungeon Crawl Stone Soup version 0.15.0-29-ga8e3430 (webtiles) character file.

32 Kold the Sneak (level 3, -1/17 HPs)
             Began as a Felid Chaos Knight on Sept 12, 2014.
             Was a Plaything of Xom.
             Succumbed to Ijyb's poison
             ... on Level 2 of the Dungeon.
             The game lasted 00:01:49 (990 turns).

Kold the Sneak (Felid Chaos Knight)                  Turns: 990, Time: 00:01:49

HP  -1/17        AC  1     Str 13      XL: 3   Next: 10%
MP   5/5         EV 18     Int 13      God: Xom
Gold 134         SH  0     Dex 16      Spells:  0 memorised,  2 levels left
Lives: 0, deaths: 0

rFire  . . .     SeeInvis +       - Unarmed
rCold  . . .     Clarity  .     (armour unavailable)
rNeg   . . .     rCorr    .     (shield unavailable)
rPois  .         rRot     .     (helmet unavailable)
rElec  .         Spirit   .     (cloak unavailable)
SustAb .         Warding  .     (gloves unavailable)
rMut   .         Stasis   .     (boots unavailable)
Gourm  .                        (no amulet)
MR     .....                    (no ring)
                                (no ring)

@: mighty, lethally poisoned, very slightly contaminated, invisible, quick, not
resistant to hostile enchantments, fairly stealthy
A: paw claws, no armour, no weapons or thrown items, fangs 3, see invisible,
carnivore 3, speed 1, shaggy fur 1, slow metabolism 1, jump 1
a: Jump Attack, Renounce Religion


You were on level 2 of the Dungeon.
You worshipped Xom.
You were a toy of Xom.
You were very full.

You visited 1 branch of the dungeon, and saw 2 of its levels.

You collected 134 gold pieces.

Inventory:

Comestibles
 c - a meat ration
Scrolls
 a - 2 scrolls of enchant armour {unknown}
 d - a scroll of identify {unknown}
 e - a scroll of magic mapping {unknown}
 l - a scroll of random uselessness {unknown}
Potions
 g - a potion of might
 h - 2 potions of brilliance {unknown}
 i - a potion of flight {unknown}
 j - a potion of curing {unknown}
 k - a potion of poison {unknown}


   Skills:
 - Level 3.0 Fighting
 - Level 3.2 Dodging
 + Level 4.1 Stealth
 - Level 3.0 Unarmed Combat


You had 2 spell levels left.
You didn't know any spells.

Dungeon Overview and Level Annotations

Branches:
Dungeon (2/15)

Altars:

Annotations:
D:2 Ijyb


Innate Abilities, Weirdness & Mutations

You cannot wear armour.
You are incapable of wielding weapons or throwing items.
Your paws have sharp claws.
You have razor-sharp teeth.
You have supernaturally acute eyesight.
You are carnivorous and can eat meat at any time.
You cover ground quickly.
You are covered in fur (AC +1).
You have a slow metabolism.
You can jump attack at a short distance.


Message History

You feel sick. Ijyb hits you with a dagger of venom.
* * * LOW HITPOINT WARNING * * *
You are more poisoned.
Drink which item? (? for menu, Esc to quit)
You fade into invisibility!
It was a potion of invisibility.
Xom thinks this is hilarious!
* * * LOW HITPOINT WARNING * * *
You feel sick. Ijyb closely misses you.
You are very lightly contaminated with residual magic.
Drink which item? (? for menu, Esc to quit)
You feel refreshed.
It was a potion of restore abilities.
Xom thinks this is hilarious!
* * * LOW HITPOINT WARNING * * *
You feel sick. Ijyb closely misses you.
Drink which item? (? for menu, Esc to quit)
You feel very mighty all of a sudden.
It was a potion of might.
You die...
Xom cackles wildly!

#.# ... #.##
####..## #.# ... .
#...<### #.# .<.
#.#### # #.# #.#
#. # #.# #K# ##. #
#.# #####.###....
#.# #.
##....K........
#.# #.##.. #g# ..
#.####.#..# ##@#.#
#.##......###....#
#.##......##...###
#.##.........#.#
#.##.......###.#
#.##.......# #.#
#.##.......# #..
#(##......## ##.
#.##......# #.


You could see Ijyb (bleeding) and 2 kobolds.

Vanquished Creatures
  An adder (D:1)
  A giant gecko (D:2)
  A ball python (D:1)
  2 goblins (D:1)
  3 hobgoblins
  3 bats (D:1)
  2 giant newts
  A quokka (D:2)
  13 rats
27 creatures vanquished.

Notes
Turn   | Place    | Note
--------------------------------------------------------------
     0 | D:1      | Kold, the Felid Chaos Knight, began the quest for the Orb.
     0 | D:1      | Reached XP level 1. HP: 10/10 MP: 2/2
     5 | D:1      | Reached skill level 1 in Stealth
   241 | D:1      | Reached XP level 2. HP: 14/14 MP: 3/3
   730 | D:2      | Reached skill level 4 in Stealth
   730 | D:2      | Reached XP level 3. HP: 14/17 MP: 5/5
   979 | D:2      | Noticed Ijyb
   990 | D:2      | Succumbed to Ijyb's poison

Action                   || total
-------------------------++-------
Melee: Unarmed           ||    66
 Abil: Jump Attack       ||     2
  Use: Potion            ||     3
 Stab: Sleeping          ||     9
  Eat: Chunk             ||     7
